 Dungeon Crawl Stone Soup version 0.30-a0-141-g30f27751c5 (webtiles) character file.

Game seed: 5133775195055870291

91578 qw the Severer (level 16, -10/101 HPs)
             Began as a Gargoyle Fighter on Sept 25, 2022.
             Was a High Priest of Okawaru.
             Killed from afar by a merfolk aquamancer (13 damage)
             ... with a ball of steam
             ... on level 15 of the Dungeon.
             The game lasted 00:09:37 (26262 turns).

qw the Severer (Gargoyle Fighter)                  Turns: 26262, Time: 00:09:37

Health: -10/101    AC: 41    Str: 34    XL:     16   Next: 3%
Magic:  23/23      EV: 12    Int:  7    God:    Okawaru [*****.]
Gold:   240        SH: 19    Dex: 11    Spells: 15/15 levels left

rFire   . . .      SeeInvis +    q - +6 broad axe (vorpal)
rCold   . . .      Faith    .    w - +0 kite shield
rNeg    + . .      Spirit   .    m - +2 storm dragon scales "Xyibrubi" {Rampage rElec rPois Int-2 Dex+2}
rPois   inf        Reflect  +    z - +1 helmet
rElec   +          Harm     .    B - +0 cloak
rCorr   .          Rampage  +    j - +2 pair of gloves
Will    +....                    k - +0 pair of boots of the Cockatrice {Rampage rElec rPois}
Stlth   ..........               x - amulet of reflection
HPRegen 0.26/turn                y - ring of see invisible
MPRegen 0.18/turn                c - +6 ring of strength

@: heroic, flying
A: sickness immunity, AC +12, big wings, negative energy resistance 1,
electricity resistance, torment resistance 1, petrification resistance
a: Renounce Religion, Heroism, Finesse, Duel


You were on level 15 of the Dungeon.
You worshipped Okawaru.
Okawaru was extremely pleased with you.
You visited 3 branches of the dungeon, and saw 21 of its levels.
You visited the Abyss 1 time.
You also visited: Ossuary.

You collected 1331 gold pieces.
You spent 1091 gold pieces at shops.


Innate Abilities, Weirdness & Mutations

You are immune to sickness and miasma.
Your stone body is resilient. (AC +12)
You are immune to poison.
Your large and strong wings let you fly.
You resist negative energy. (rN+)
You are resistant to electric shocks. (rElec)
You are resistant to unholy torment.
You are immune to petrification.


   Skills:
 - Level 12.2(17.2) Fighting
 + Level 16.0(21.0) Axes
 - Level 5.1(10.1) Throwing
 - Level 12.0(17.0) Armour
 - Level 5.0(10.0) Dodging
 - Level 13.1(18.1) Shields
 - Level 10.0 Invocations


You had 15 spell levels left.
You didn't know any spells.
Your spell library was empty.

Inventory:

Hand Weapons
 q - a +6 vorpal broad axe (weapon)
 v - a +3 flail of venom
Missiles
 g - 14 boomerangs
 r - 6 javelins (quivered)
Armour
 b - +0 acid dragon scales
 e - +0 fire dragon scales
 j - a +2 pair of gloves (worn)
 k - the +0 pair of boots of the Cockatrice (worn) {Rampage rElec rPois}
   (Okawaru gifted it to you on level 4 of the Lair of Beasts)

   rElec:     It insulates you from electricity.
   rPois:     It protects you from poison.
   Rampage:   It bestows one free step when moving towards enemies.
 m - the +2 storm dragon scales "Xyibrubi" (worn) {Rampage rElec rPois Int-2 Dex+2}
   (You acquired it on level 10 of the Dungeon)

   Int:       It affects your intelligence (-2).
   Dex:       It affects your dexterity (+2).
   rElec:     It insulates you from electricity.
   rPois:     It protects you from poison.
   Rampage:   It bestows one free step when moving towards enemies.
 w - a +0 kite shield (worn)
 z - a +1 helmet (worn)
 B - a +0 cloak (worn)
Jewellery
 c - a +6 ring of strength (right hand)
 x - an amulet of reflection (around neck)
 y - a ring of see invisible (left hand)
 A - a ring of see invisible
 C - a +6 ring of dexterity
 Y - a ring of protection from fire
Scrolls
 l - 9 scrolls of identify
Potions
 a - 10 potions of lignification
 d - 10 potions of might
 f - 9 potions of mutation
 h - 13 potions of curing
 i - 4 potions of resistance
 n - 4 potions of cancellation
 o - 5 potions of attraction
 t - 5 potions of haste
 u - a potion of magic

Dungeon Overview and Level Annotations

Branches:
Dungeon (15/15)            Temple (1/1) D:4            Lair (5/5) D:8
 Shoals (0/4) Lair:3        Snake (0/4) Lair:2        Slime (0/5) Lair:5
    Orc (0/2) D:12         Vaults (0/5) D:13        Ossuary (visited)
 Depths: D:15

Altars:
Ashenzari
Cheibriados
Dithmenos
Elyvilon
Fedhas
Gozag
Hepliaklqana
Kikubaaqudgha
Makhleb
Nemelex Xobeh
Okawaru
Qazlal
Ru
Sif Muna
Trog
Uskayaw
Vehumet
Wu Jian
Xom
Yredelemnul
Zin
The Shining One
Jiyva

Shops:
D:2 (   D:4 =   D:5 [:!=   D:10 !(   D:14 ==

Annotations:
D:6 3 runed translucent doors, qw's ghost, novice GrFi
D:9 2 transporters, qw's ghost, novice GrFi
Lair:4 1 runed translucent door


Message History

The merfolk aquamancer is almost dead.
You slash the green ugly thing!
You block the green ugly thing's attack.
A merfolk aquamancer comes into view. It is wielding a +5 rapier of speed.
The merfolk aquamancer points at you and mumbles some strange words.
The shard of ice reflects off an invisible shield around you!
The shard of ice hits the merfolk aquamancer!!!
You kill the merfolk aquamancer!
Okawaru accepts your kill.
You hear a splash. x2
The purple ugly thing gurgles horribly!
You slice the green ugly thing!!
You kill the green ugly thing!
Okawaru accepts your kill.
You hear a horrible gurgling sound!
A water nymph comes into view.
You slash the green ugly thing!
The green ugly thing is moderately wounded.
The merfolk aquamancer casts a spell.
The merfolk aquamancer blinks!
You closely miss the green ugly thing.
The green ugly thing is moderately wounded.
You block the green ugly thing's attack.
You hit the green ugly thing.
The green ugly thing is moderately wounded.
A purple ugly thing comes into view.
The purple ugly thing punches the plant.
The plant begins to die.
You barely miss the green ugly thing.
The green ugly thing is moderately wounded.
The purple ugly thing gurgles horribly!
You block the green ugly thing's attack.
A water nymph comes into view.
You slice the green ugly thing!!
The green ugly thing is severely wounded.
The green ugly thing closely misses you.
An electric eel comes into view.
The merfolk aquamancer gestures at you while chanting.
The ball of steam hits you!
You die...

.... .......
.PP.# .......
.PP.## .......
uP~.~P##.......
7BP.#.......
7~.<.....$.
77~.........
7P~~u~~~~~~.
7~~[@[~m~~m~
P~~~~~~u¤~.~~~S
#P.P~....¤¤....
#.##Pu.....m...
.....u....(.....
..u.u...........
...............
........<......


You could see a boulder beetle, 6 ugly things, a merfolk aquamancer, 2 water
nymphs and an electric eel (wandering).

Vanquished Creatures
  Jorgrun (D:12)
  Rupert (Lair:3)
  2 tentacled starspawn (Abyss:2)
  Agnes (D:14)
  Azrael (D:13)
  Josephine (D:15)
  4 hydras
  Erolcha (D:11)
  An ogre mage (D:12)
  A merfolk aquamancer (D:15)
  Erica (D:8)
  4 catoblepae
  2 death knights
  3 boulder beetles
  4 death yaks (Lair:5)
  2 dancing weapons (D:13)
  3 two-headed ogres
  4 centaur warriors
  A shadow wraith (Abyss:2)
  4 skeletal warriors
  A fire crab (shapeshifter) (D:15)
  15 slime creatures
  3 large abominations (Abyss:2)
  A deep elf archer (D:12)
  2 lindwurms (Lair:5)
  A wizard (D:14)
  An orc knight (D:12)
  A deep elf pyromancer (D:12)
  4 manticores
  5 ugly things
  A wolf spider (Lair:5)
  4 cyclopes
  6 elephants (Lair:5)
  2 oklob plants (Lair:5)
  4 smoke demons (Abyss:2)
  2 black mambas (Lair:5)
  3 unseen horrors
  Maggie (D:8)
  17 cane toads
  2 gargoyles
  2 freezing wraiths (D:13)
  2 kobold demonologists
  11 komodo dragons
  4 rime drakes
  An efreet (Abyss:2)
  3 hellwings (Abyss:2)
  An ancient zyme (Abyss:2)
  3 polar bears
  13 trolls
  3 meliai (D:13)
  18 blink frogs
  4 raiju (Abyss:2)
  6 dream sheep
  A culicivora (shapeshifter) (D:13)
  A centaur simulacrum (D:14)
  66 yaks
  2 vampires
  5 shadows
  4 wyverns
  10 basilisks
  6 wraiths
  2 ynoxinuls (Abyss:2)
  2 fire elementals (D:13)
  12 vampire mosquitoes
  Menkaure (D:7)
  2 nagas (Lair:2)
  8 water moccasins
  An acid dragon (D:13)
  2 hell hounds (D:13)
  3 orc warriors
  5 ice beasts
  2 black bears (D:6)
  9 wolves
  2 ogres (D:5)
  20 centaurs
  2 phantoms
  4 kobold brigands
  Blork the orc (D:5)
  3 gnoll sergeants
  8 bullfrogs
  2 water moccasin zombies (Ossuary)
  3 scorpions
  2 small abominations (Abyss:2)
  10 wights
  10 electric eels
  4 crimson imps (D:14)
  8 orc priests
  4 jellies
  7 hounds
  An iron imp (Abyss:2)
  4 iguanas
  11 orc wizards
  5 hell rats (Lair:2)
  8 ogre zombies (D:12)
  2 mummies (Ossuary)
  13 gnolls
  9 adders
  A shadow imp (D:5)
  4 ufetubi
  2 adder zombies (Ossuary)
  A worm (D:3)
  2 dart slugs
  31 orcs
  5 bats
  5 endoplasms
  2 giant cockroaches
  3 gnoll zombies (Ossuary)
  9 hobgoblins
  2 jackals (D:3)
  2 quokkas
  7 ball pythons
  6 frilled lizards
  6 goblins
  A goblin skeleton (D:12)
  2 goblin zombies (D:12)
  A hobgoblin skeleton (D:12)
  2 hobgoblin zombies
  20 kobolds
  8 kobold zombies (Ossuary)
  An orc skeleton (D:12)
  22 orc zombies
  5 rats
  2 starspawn tentacles (Abyss:2)
628 creatures vanquished.

Vanquished Creatures (others)
  A dire elephant (Lair:5)
  An ugly thing (D:15)
  A small abomination (Abyss:2)
  15 fungi
  48 plants
  5 starspawn tentacles (Abyss:2)
71 creatures vanquished.

Grand Total: 699 creatures vanquished

Notes
Turn   | Place    | Note
-------+----------+-------------------------------------------
     0 | D:1      | qw the Gargoyle Fighter began the quest for the Orb.
     0 | D:1      | Reached XP level 1. HP: 14/14 MP: 1/1
     0 | D:1      | 0 ||| qw: Version: 0.2-a-10-g399e6c4
     0 | D:1      | 0 ||| qw: Game counter: 214
     0 | D:1      | 0 ||| qw: Always use a shield: true
     0 | D:1      | 0 ||| qw: God list: Okawaru
     0 | D:1      | 0 ||| qw: Allow faded altars: false
     0 | D:1      | 0 ||| qw: Do Orc after D:15 true
     0 | D:1      | 0 ||| qw: Do second Lair branch before Depths: true
     0 | D:1      | 0 ||| qw: Lair rune preference: random
     0 | D:1      | 0 ||| qw: Plans: Normal, Zot:1-4, God:TSO, Crypt, Tomb,
                  | Pan, Slime:5, Hells, Abyss, Orb
     0 | D:1      | 0 ||| PLANNING D:1-11
   181 | D:1      | 181 ||| Stepping ~*~*~tactically~*~*~ (stealth).
   182 | D:1      | 182 ||| Stepping ~*~*~tactically~*~*~ (stealth).
   190 | D:1      | Reached skill level 2 in Axes
   474 | D:1      | 474 ||| Stepping ~*~*~tactically~*~*~ (stealth).
   481 | D:1      | Reached XP level 2. HP: 18/19 MP: 2/2
   840 | D:1      | 840 ||| Stepping ~*~*~tactically~*~*~ (stealth).
   879 | D:1      | Found a faded altar of an unknown god.
   914 | D:1      | 914 ||| UPGRADING to +0 pair of gloves.
   919 | D:1      | 919 ||| READING 2 scrolls labelled APHUHEZAMU.
   920 | D:1      | 920 ||| READING scroll labelled XISOODUOCK.
   921 | D:1      | 921 ||| READING scroll labelled IFUPODI RAMIA.
   922 | D:1      | 922 ||| READING scroll labelled KIXETI CUJA.
   927 | D:1      | 927 ||| DROPPING scroll of butterflies.
   981 | D:2      | Reached skill level 3 in Axes
   981 | D:2      | Reached XP level 3. HP: 22/23 MP: 3/3
   995 | D:2      | Found Dyjoira's Weapon Emporium.
  1034 | D:2      | 1034 ||| BUYING +0 flail (35 gold).
  1034 | D:2      | Bought a +0 flail for 35 gold pieces
  1034 | D:2      | 1034 ||| DROPPING +0 club.
  1358 | D:2      | Found a shimmering altar of Xom.
  2041 | D:2      | 2041 ||| UPGRADING to +0 chain mail.
  2051 | D:2      | 2051 ||| DROPPING +0 scale mail.
  2052 | D:2      | 2052 ||| UPGRADING to ring of protection from fire.
  2053 | D:2      | 2053 ||| READING scroll labelled QAEMAMM GIWOQE.
  2054 | D:2      | 2054 ||| DRINKING 2 glowing blue potions.
  2055 | D:2      | 2055 ||| READING 2 scrolls of identify.
  2055 | D:2      | 2055 ||| IDENTIFYING glowing golden potion
  2056 | D:2      | 2056 ||| DROPPING potion of invisibility.
  2129 | D:3      | 2129 ||| Stepping ~*~*~tactically~*~*~ (stealth).
  2136 | D:3      | 2136 ||| Stepping ~*~*~tactically~*~*~ (stealth).
  2229 | D:3      | 2229 ||| Stepping ~*~*~tactically~*~*~ (stealth).
  2282 | D:3      | Identified the +10 short sword of Courage {flame, rF+
                  | Dex+3}
  2329 | D:3      | 2329 ||| Stepping ~*~*~tactically~*~*~ (hiding).
  2441 | D:3      | Reached XP level 4. HP: 28/28 MP: 4/4
  2446 | D:3      | Reached skill level 1 in Throwing
  2628 | D:3      | Identified the +0 leather armour "Axumodil" {Rampage MP+9}
  2652 | D:3      | 2652 ||| READING 2 scrolls labelled ABYSAE RIFF.
  2654 | D:3      | 2654 ||| READING scroll of brand weapon.
  2654 | D:3      | 2654 ||| BRANDING +0 war axe of electrocution.
  2886 | D:3      | 2886 ||| DRINKING 2 bubbling brown potions.
  2990 | D:3      | 2990 ||| READING 2 scrolls of identify.
  2990 | D:3      | 2990 ||| IDENTIFYING fuming yellow potion
  2991 | D:3      | 2991 ||| DROPPING potion of berserk rage.
  3023 | D:4      | 3023 ||| Stepping ~*~*~tactically~*~*~ (stealth).
  3049 | D:4      | Reached skill level 4 in Axes
  3079 | D:4      | Reached XP level 5. HP: 22/32 MP: 5/5
  3094 | D:4      | Reached skill level 5 in Axes
  3100 | D:4      | HP: 7/32 [gnoll/+0 spear[a gnoll sergeant] (5)]
  3398 | D:4      | Found a stormy altar of Qazlal.
  3458 | D:4      | Found Okkanute's Jewellery Shoppe.
  3468 | D:4      | 3468 ||| SHOPLISTING +6 ring of strength (396 gold, have
                  | 54).
  3468 | D:4      | 3468 ||| SHOPLISTING ring of ice (275 gold, have 54).
  3468 | D:4      | 3468 ||| SHOPLISTING ring of positive energy (220 gold,
                  | have 54).
  3468 | D:4      | 3468 ||| SHOPLISTING ring of protection from fire (275
                  | gold, have 54).
  3468 | D:4      | 3468 ||| SHOPLISTING ring of resist corrosion (220 gold,
                  | have 54).
  3487 | D:4      | Found a staircase to the Ecumenical Temple.
  3488 | D:4      | 3488 ||| PLANNING TEMPLE
  3498 | D:4      | Reached XP level 6. HP: 38/38 MP: 6/6
  3498 | D:4      | 3498 ||| READING 4 scrolls of identify.
  3498 | D:4      | 3498 ||| IDENTIFYING sapphire potion
  3499 | D:4      | 3499 ||| READING 3 scrolls of identify.
  3499 | D:4      | 3499 ||| IDENTIFYING yellow potion
  3500 | D:4      | 3500 ||| READING 2 scrolls of identify.
  3500 | D:4      | 3500 ||| IDENTIFYING metallic puce potion
  3501 | D:4      | 3501 ||| DROPPING potion of flight.
  3507 | Temple   | Entered the Ecumenical Temple
  3606 | Temple   | 3606 ||| PLANNING OKAWARU WORSHIP
  3674 | Temple   | Became a worshipper of Warmaster Okawaru
  3675 | Temple   | 3675 ||| PLANNING D:1-11
  4399 | D:4      | 4399 ||| READING scroll labelled ASUC NAN PIRGH.
  4400 | D:4      | 4400 ||| READING scroll labelled PATIQULYCW.
  4401 | D:4      | 4401 ||| READING 2 scrolls of identify.
  4401 | D:4      | 4401 ||| IDENTIFYING green potion
  4402 | D:4      | 4402 ||| DROPPING potion of degeneration.
  4442 | D:5      | Entered Level 5 of the Dungeon
  4443 | D:5      | Noticed an ice beast
  4451 | D:5      | Killed an ice beast
  4452 | D:5      | Reached skill level 6 in Axes
  4452 | D:5      | Reached XP level 7. HP: 43/43 MP: 7/7
  4472 | D:5      | Reached skill level 1 in Dodging
  4518 | D:5      | Reached * piety under Okawaru
  4669 | D:5      | 4669 ||| INVOKING Heroism.
  4675 | D:5      | Reached skill level 1 in Invocations
  4721 | D:5      | 4721 ||| Stepping ~*~*~tactically~*~*~ (hiding).
  4724 | D:5      | 4724 ||| Stepping ~*~*~tactically~*~*~ (hiding).
  4831 | D:5      | Found an opulent altar of Gozag.
  4832 | D:5      | 4832 ||| Stepping ~*~*~tactically~*~*~ (hiding).
  4951 | D:5      | Found a shimmering altar of Xom.
  4964 | D:5      | Found Imumpulo's Armour Shop.
  4964 | D:5      | Found Ofuninn's Distillery.
  4965 | D:5      | Found Ypok's Book Shop.
  4965 | D:5      | Found Xaodiyhe's Jewellery Shop.
  4977 | D:5      | 4977 ||| Stepping ~*~*~tactically~*~*~ (stealth).
  4980 | D:5      | 4980 ||| INVOKING Heroism.
  4986 | D:5      | Reached skill level 7 in Axes
  4986 | D:5      | Reached XP level 8. HP: 28/48 MP: 6/9
  5106 | D:5      | 5106 ||| READING scroll labelled VEEKIX GIEH.
  5110 | D:5      | 5110 ||| SHOPLISTING +4 ring of evasion (504 gold, have
                  | 127).
  5110 | D:5      | 5110 ||| SHOPLISTING amulet of the acrobat (420 gold, have
                  | 127).
  5110 | D:5      | 5110 ||| SHOPLISTING ring of protection from fire (350
                  | gold, have 127).
  5110 | D:5      | 5110 ||| SHOPLISTING ring of see invisible (210 gold, have
                  | 127).
  5121 | D:5      | 5121 ||| SHOPLISTING 2 potions of haste (220 gold, have
                  | 138).
  5121 | D:5      | 5121 ||| BUYING 2 potions of lignification (66 gold).
  5121 | D:5      | Bought 2 potions of lignification for 66 gold pieces
  5121 | D:5      | 5121 ||| BUYING potion of attraction (33 gold).
  5121 | D:5      | Bought a potion of attraction for 33 gold pieces
  5121 | D:5      | 5121 ||| BUYING potion of attraction (33 gold).
  5121 | D:5      | Bought a potion of attraction for 33 gold pieces
  5121 | D:5      | 5121 ||| SHOPLISTING potion of curing (33 gold, have 6).
  5121 | D:5      | 5121 ||| SHOPLISTING potion of heal wounds (55 gold, have
                  | 6).
  5124 | D:5      | 5124 ||| SHOPLISTING +0 helmet (58 gold, have 6).
  5124 | D:5      | 5124 ||| SHOPLISTING +1 pair of boots of rampaging (214
                  | gold, have 6).
  5124 | D:5      | 5124 ||| SHOPLISTING +2 hat (208 gold, have 6).
  5124 | D:5      | 5124 ||| SHOPLISTING +3 plate armour of fire resistance
                  | (585 gold, have 6).
  5262 | D:5      | 5262 ||| Stepping ~*~*~tactically~*~*~ (stealth).
  5264 | D:5      | 5264 ||| Stepping ~*~*~tactically~*~*~ (stealth).
  5266 | D:5      | 5266 ||| INVOKING Heroism.
  5267 | D:5      | 5267 ||| Stepping ~*~*~tactically~*~*~ (stealth).
  5284 | D:5      | 5284 ||| Stepping ~*~*~tactically~*~*~ (stealth).
  5299 | D:5      | Reached skill level 3 in Invocations
  5396 | D:5      | Noticed Blork the orc
  5397 | D:5      | 5397 ||| INVOKING Heroism.
  5407 | D:5      | Killed Blork the orc
  5658 | D:6      | 5658 ||| INVOKING Heroism.
  5788 | D:6      | 5788 ||| INVOKING Heroism.
  5827 | D:6      | 5827 ||| Stepping ~*~*~tactically~*~*~ (hiding).
  5835 | D:6      | 5835 ||| INVOKING Heroism.
  5993 | D:6      | Reached skill level 8 in Axes
  6255 | D:6      | Reached skill level 6 in Fighting
  6255 | D:6      | Reached XP level 9. HP: 55/55 MP: 12/12
  6552 | D:6      | 6552 ||| INVOKING Heroism.
  6843 | D:6      | Found a runed translucent gate.
  6843 | D:6      | Found a runed translucent gate.
  6843 | D:6      | Found a runed translucent gate.
  6846 | D:6      | Noticed qw's ghost (novice GrFi)
  6846 | D:6      | Identified the +5 chain mail of the True Pharaoh {rElec
                  | Will+ Str-2}
  6935 | D:6      | 6935 ||| UPGRADING to +6 ring of dexterity.
  6936 | D:6      | 6936 ||| READING scroll labelled ADAISY HEDUR.
  7145 | D:5      | Found a glowing golden altar of the Shining One.
  7176 | D:7      | 7176 ||| PLANNING OSSUARY
  7177 | D:7      | 7177 ||| Stepping ~*~*~tactically~*~*~ (hiding).
  7178 | D:7      | 7178 ||| Stepping ~*~*~tactically~*~*~ (hiding).
  7188 | D:7      | 7188 ||| Stepping ~*~*~tactically~*~*~ (stealth).
  7191 | D:7      | 7191 ||| INVOKING Heroism.
  7194 | D:7      | 7194 ||| Stepping ~*~*~tactically~*~*~ (stealth).
  7223 | D:7      | 7223 ||| Stepping ~*~*~tactically~*~*~ (stealth).
  7226 | D:7      | 7226 ||| Stepping ~*~*~tactically~*~*~ (stealth).
  7244 | D:7      | 7244 ||| Stepping ~*~*~tactically~*~*~ (stealth).
  7260 | D:7      | 7260 ||| INVOKING Heroism.
  7262 | D:7      | Reached ** piety under Okawaru
  7291 | D:7      | Noticed Menkaure
  7292 | D:7      | 7292 ||| Stepping ~*~*~tactically~*~*~ (stealth).
  7303 | D:7      | 7303 ||| Stepping ~*~*~tactically~*~*~ (stealth).
  7304 | D:7      | 7304 ||| Stepping ~*~*~tactically~*~*~ (stealth).
  7314 | D:7      | 7314 ||| Stepping ~*~*~tactically~*~*~ (stealth).
  7315 | D:7      | 7315 ||| Stepping ~*~*~tactically~*~*~ (stealth).
  7319 | D:7      | 7319 ||| Stepping ~*~*~tactically~*~*~ (stealth).
  7320 | D:7      | 7320 ||| Stepping ~*~*~tactically~*~*~ (stealth).
  7328 | D:7      | 7328 ||| Stepping ~*~*~tactically~*~*~ (stealth).
  7329 | D:7      | 7329 ||| Stepping ~*~*~tactically~*~*~ (stealth).
  7471 | D:7      | Found a sand-covered staircase.
  7472 | D:7      | 7472 ||| READING 2 scrolls of identify.
  7472 | D:7      | 7472 ||| IDENTIFYING black potion
  7478 | Ossuary  | Entered an ossuary
  7490 | Ossuary  | 7490 ||| INVOKING Heroism.
  7549 | Ossuary  | 7549 ||| INVOKING Heroism.
  7793 | Ossuary  | 7793 ||| DRINKING 3 amethyst potions.
  7799 | D:7      | 7799 ||| PLANNING D:1-11
  7836 | D:7      | 7836 ||| DROPPING +0 flail.
  7856 | D:7      | 7856 ||| Stepping ~*~*~tactically~*~*~ (hiding).
  7858 | D:7      | 7858 ||| Stepping ~*~*~tactically~*~*~ (stealth).
  7863 | D:7      | Reached skill level 9 in Axes
  7920 | D:7      | 7920 ||| Stepping ~*~*~tactically~*~*~ (stealth).
  7923 | D:7      | 7923 ||| Stepping ~*~*~tactically~*~*~ (stealth).
  7926 | D:7      | 7926 ||| Stepping ~*~*~tactically~*~*~ (hiding).
  7927 | D:7      | 7927 ||| Stepping ~*~*~tactically~*~*~ (hiding).
  7933 | D:7      | 7933 ||| INVOKING Heroism.
  7943 | D:7      | Killed Menkaure
  7948 | D:7      | 7948 ||| Stepping ~*~*~tactically~*~*~ (hiding).
  7960 | D:7      | 7960 ||| INVOKING Heroism.
  8089 | D:7      | Found a broken altar of Ashenzari.
  8448 | D:7      | 8448 ||| UPGRADING to +0 kite shield.
  8458 | D:7      | 8458 ||| DROPPING +0 buckler.
  8459 | D:7      | 8459 ||| READING scroll labelled PUAXKI OVOPINT.
  8494 | D:8      | Identified the +1 robe of Kuopt {*Corrode rF+ Regen+}
  8540 | D:8      | 8540 ||| READING scroll of teleportation.
  8542 | D:8      | Found a staircase to the Lair.
  8542 | D:8      | Noticed Maggie
  8542 | D:8      | Noticed a troll
  8543 | D:8      | 8543 ||| INVOKING Heroism.
  8552 | D:8      | Reached XP level 10. HP: 56/63 MP: 11/13
  8556 | D:8      | Reached skill level 6 in Shields
  8559 | D:8      | 8559 ||| INVOKING Heroism.
  8564 | D:8      | HP: 15/63 [electric eel/bolt of electricity (3)]
  8565 | D:8      | 8565 ||| DRINKING 3 potions of heal wounds.
  8567 | D:8      | Killed Maggie
  8575 | D:8      | 8575 ||| INVOKING Heroism.
  8577 | D:8      | HP: 14/63 [electric eel/bolt of electricity (4)]
  8578 | D:8      | 8578 ||| DRINKING 2 potions of heal wounds.
  8696 | D:8      | 8696 ||| Stepping ~*~*~tactically~*~*~ (stealth).
  8702 | D:8      | 8702 ||| Stepping ~*~*~tactically~*~*~ (stealth).
  8781 | D:8      | Found a sacrificial altar of Ru.
  8843 | D:8      | 8843 ||| DROPPING +2 whip of pain.
  9080 | D:8      | Noticed Erica
  9081 | D:8      | 9081 ||| Stepping ~*~*~tactically~*~*~ (hiding).
  9083 | D:8      | 9083 ||| Stepping ~*~*~tactically~*~*~ (hiding).
  9084 | D:8      | 9084 ||| Stepping ~*~*~tactically~*~*~ (hiding).
  9086 | D:8      | 9086 ||| INVOKING Heroism.
  9103 | D:8      | 9103 ||| DRINKING 7 potions of curing.
  9103 | D:8      | 9103 ||| (to cure confusion)
  9118 | D:8      | 9118 ||| DRINKING 6 potions of curing.
  9118 | D:8      | 9118 ||| (to cure confusion)
  9119 | D:8      | Killed Erica
  9119 | D:8      | Reached *** piety under Okawaru
  9267 | D:8      | Found a blossoming altar of Fedhas.
  9273 | D:8      | 9273 ||| INVOKING Heroism.
  9465 | D:8      | 9465 ||| Stepping ~*~*~tactically~*~*~ (stealth).
  9466 | D:8      | 9466 ||| Stepping ~*~*~tactically~*~*~ (stealth).
  9486 | D:8      | 9486 ||| Stepping ~*~*~tactically~*~*~ (stealth).
  9491 | D:8      | 9491 ||| INVOKING Heroism.
  9524 | D:8      | Found a glowing silver altar of Zin.
  9627 | D:8      | Found an ornate altar of the Wu Jian Council.
  9660 | D:8      | Found an ancient bone altar of Kikubaaqudgha.
  9728 | D:8      | 9728 ||| INVOKING Heroism.
  9781 | D:8      | 9781 ||| PLANNING LAIR
  9781 | D:8      | 9781 ||| UPGRADING to amulet of the acrobat.
  9795 | D:8      | 9795 ||| READING scroll labelled PEKIVI ENULUCH.
  9796 | D:8      | 9796 ||| READING scroll labelled HIESKI SIWN.
  9797 | D:8      | 9797 ||| DRINKING 2 bubbling grey potions.
  9825 | Lair:1   | Entered Level 1 of the Lair of Beasts
  9835 | Lair:1   | Reached skill level 9 in Shields
  9845 | Lair:1   | Noticed a cane toad
  9846 | Lair:1   | 9846 ||| INVOKING Heroism.
  9860 | Lair:1   | Killed a cane toad
  9870 | Lair:1   | 9870 ||| Stepping ~*~*~tactically~*~*~ (stealth).
  9874 | Lair:1   | 9874 ||| INVOKING Heroism.
  9879 | Lair:1   | Reached skill level 10 in Axes
 10122 | Lair:1   | 10122 ||| Stepping ~*~*~tactically~*~*~ (stealth).
 10123 | Lair:1   | 10123 ||| INVOKING Heroism.
 10132 | Lair:1   | Reached **** piety under Okawaru
 10133 | Lair:1   | Reached XP level 11. HP: 51/68 MP: 12/14
 10144 | Lair:1   | 10144 ||| INVOKING Heroism.
 10161 | Lair:1   | 10161 ||| INVOKING Heroism.
 10428 | Lair:1   | 10428 ||| Stepping ~*~*~tactically~*~*~ (stealth).
 10429 | Lair:1   | 10429 ||| Stepping ~*~*~tactically~*~*~ (stealth).
 10430 | Lair:1   | 10430 ||| Stepping ~*~*~tactically~*~*~ (stealth).
 10435 | Lair:1   | 10435 ||| INVOKING Heroism.
 10599 | Lair:1   | 10599 ||| Stepping ~*~*~tactically~*~*~ (hiding).
 10603 | Lair:1   | 10603 ||| INVOKING Heroism.
 10614 | Lair:1   | Reached skill level 3 in Throwing
 10614 | Lair:1   | Reached skill level 6 in Invocations
 10687 | Lair:1   | 10687 ||| READING scroll of brand weapon.
 10687 | Lair:1   | 10687 ||| BRANDING +1 war axe of protection.
 10710 | Lair:1   | 10710 ||| Stepping ~*~*~tactically~*~*~ (stealth).
 10713 | Lair:1   | 10713 ||| INVOKING Heroism.
 10824 | Lair:1   | Reached skill level 11 in Axes
 10828 | Lair:1   | Reached ***** piety under Okawaru
 10915 | Lair:1   | 10915 ||| Stepping ~*~*~tactically~*~*~ (hiding).
 10916 | Lair:1   | 10916 ||| Stepping ~*~*~tactically~*~*~ (hiding).
 11129 | Lair:2   | 11129 ||| INVOKING Heroism.
 11243 | Lair:2   | Noticed a six-headed hydra
 11245 | Lair:2   | 11245 ||| INVOKING Heroism.
 11246 | Lair:2   | 11246 ||| SWAPPING to +3 flail of venom.
 11247 | Lair:2   | 11247 ||| INVOKING Finesse.
 11259 | Lair:2   | Killed a six-headed hydra
 11259 | Lair:2   | Received a gift from Okawaru
 11260 | Lair:2   | 11260 ||| SWAPPING to +1 spectral war axe.
 11526 | Lair:2   | 11526 ||| INVOKING Heroism.
 11533 | Lair:2   | Received a gift from Okawaru
 11573 | Lair:2   | 11573 ||| INVOKING Heroism.
 11686 | Lair:2   | 11686 ||| INVOKING Heroism.
 11691 | Lair:2   | Reached XP level 12. HP: 75/75 MP: 15/18
 11774 | Lair:2   | 11774 ||| READING scroll of enchant armour.
 11774 | Lair:2   | 11774 ||| ENCHANTING +0 pair of gloves.
 11788 | Lair:2   | Noticed a boulder beetle
 11789 | Lair:2   | 11789 ||| INVOKING Heroism.
 11790 | Lair:2   | 11790 ||| INVOKING Finesse.
 11801 | Lair:2   | Killed a boulder beetle
 11801 | Lair:2   | Received a gift from Okawaru
 11840 | Lair:2   | 11840 ||| SWAPPING to +2 broad axe of freezing.
 11841 | Lair:2   | 11841 ||| DROPPING +1 spectral war axe.
 11875 | Lair:2   | Reached skill level 3 in Dodging
 11887 | Lair:2   | 11887 ||| Stepping ~*~*~tactically~*~*~ (stealth).
 11889 | Lair:2   | 11889 ||| Stepping ~*~*~tactically~*~*~ (stealth).
 11890 | Lair:2   | 11890 ||| INVOKING Heroism.
 11893 | Lair:2   | Reached skill level 9 in Invocations
 11901 | Lair:2   | Reached skill level 9 in Fighting
 11982 | Lair:2   | 11982 ||| Stepping ~*~*~tactically~*~*~ (stealth).
 11984 | Lair:2   | 11984 ||| INVOKING Heroism.
 12055 | Lair:2   | 12055 ||| Stepping ~*~*~tactically~*~*~ (stealth).
 12063 | Lair:2   | 12063 ||| Stepping ~*~*~tactically~*~*~ (stealth).
 12069 | Lair:2   | 12069 ||| Stepping ~*~*~tactically~*~*~ (stealth).
 12078 | Lair:2   | 12078 ||| Stepping ~*~*~tactically~*~*~ (stealth).
 12096 | Lair:2   | 12096 ||| Stepping ~*~*~tactically~*~*~ (hiding).
 12107 | Lair:2   | Found a staircase to the Snake Pit.
 12172 | Lair:2   | Reached skill level 6 in Armour
 12183 | Lair:2   | 12183 ||| INVOKING Heroism.
 12408 | Lair:2   | 12408 ||| UPGRADING to +0 plate armour.
 12418 | Lair:2   | 12418 ||| DROPPING +0 chain mail.
 12419 | Lair:2   | 12419 ||| UPGRADING to amulet of reflection.
 12429 | Lair:2   | 12429 ||| DROPPING amulet of the acrobat.
 12430 | Lair:2   | 12430 ||| READING 2 scrolls labelled OLIMOA NESIG.
 12531 | Lair:2   | 12531 ||| READING 3 scrolls of identify.
 12531 | Lair:2   | 12531 ||| IDENTIFYING viscous coppery potion
 12532 | Lair:2   | 12532 ||| READING 2 scrolls of identify.
 12532 | Lair:2   | 12532 ||| IDENTIFYING metallic yellow potion
 12533 | Lair:2   | 12533 ||| DROPPING potion of ambrosia.
 12534 | Lair:2   | 12534 ||| DROPPING scroll of silence.
 12545 | Lair:3   | Found a staircase to the Shoals.
 12548 | Lair:3   | 12548 ||| INVOKING Heroism.
 12699 | Lair:3   | Noticed Rupert
 12700 | Lair:3   | 12700 ||| INVOKING Heroism.
 12701 | Lair:3   | 12701 ||| INVOKING Finesse.
 12721 | Lair:3   | Killed Rupert
 12721 | Lair:3   | Identified the +8 spear of Spite {speed, rElec rPois}
                  | (Okawaru gifted it to you on level 3 of the Lair of Beasts)
 12721 | Lair:3   | Received a gift from Okawaru
 12898 | Lair:3   | 12898 ||| INVOKING Heroism.
 13148 | Lair:3   | Reached skill level 12 in Axes
 13371 | Lair:3   | 13371 ||| READING 2 scrolls of identify.
 13371 | Lair:3   | 13371 ||| IDENTIFYING fuming grey potion
 13372 | Lair:3   | 13372 ||| DROPPING potion of brilliance.
 13388 | Lair:4   | 13388 ||| INVOKING Heroism.
 13442 | Lair:4   | 13442 ||| INVOKING Heroism.
 13504 | Lair:4   | 13504 ||| INVOKING Heroism.
 13559 | Lair:4   | 13559 ||| INVOKING Heroism.
 13580 | Lair:4   | 13580 ||| Stepping ~*~*~tactically~*~*~ (stealth).
 13638 | Lair:4   | 13638 ||| INVOKING Heroism.
 13646 | Lair:4   | Reached XP level 13. HP: 80/80 MP: 18/20
 13705 | Lair:4   | 13705 ||| INVOKING Heroism.
 13707 | Lair:4   | 13707 ||| Stepping ~*~*~tactically~*~*~ (water).
 13794 | Lair:4   | 13794 ||| INVOKING Heroism.
 13842 | Lair:4   | 13842 ||| INVOKING Heroism.
 13869 | Lair:4   | 13869 ||| INVOKING Heroism.
 14053 | Lair:4   | 14053 ||| INVOKING Heroism.
 14054 | Lair:4   | 14054 ||| INVOKING Finesse.
 14060 | Lair:4   | Identified the +0 pair of boots of the Cockatrice {Rampage
                  | rElec rPois} (Okawaru gifted it to you on level 4 of the
                  | Lair of Beasts)
 14060 | Lair:4   | Received a gift from Okawaru
 14413 | Lair:4   | Found a runed translucent door.
 14492 | Lair:4   | 14492 ||| UPGRADING to +0 pair of boots of the Cockatrice
                  | {Rampage rElec rPois}.
 14526 | Lair:5   | Entered Level 5 of the Lair of Beasts
 14527 | Lair:5   | 14527 ||| INVOKING Heroism.
 14528 | Lair:5   | 14528 ||| INVOKING Finesse.
 14530 | Lair:5   | 14530 ||| STAIRDANCE
 14628 | Lair:5   | 14628 ||| INVOKING Heroism.
 14629 | Lair:5   | 14629 ||| SWAPPING to +3 flail of venom.
 14630 | Lair:5   | 14630 ||| INVOKING Finesse.
 14639 | Lair:5   | 14639 ||| STAIRDANCE
 14641 | Lair:4   | 14641 ||| SWAPPING to +2 broad axe of freezing.
 14894 | Lair:5   | 14894 ||| READING scroll of enchant armour.
 14894 | Lair:5   | 14894 ||| ENCHANTING +1 pair of gloves.
 14918 | Lair:5   | 14918 ||| INVOKING Heroism.
 14919 | Lair:5   | 14919 ||| INVOKING Finesse.
 14920 | Lair:5   | 14920 ||| SWAPPING to +3 flail of venom.
 14928 | Lair:5   | 14928 ||| SWAPPING to +2 broad axe of freezing.
 14942 | Lair:5   | 14942 ||| Stepping ~*~*~tactically~*~*~ (stealth).
 15015 | Lair:5   | Reached skill level 9 in Armour
 15086 | Lair:5   | 15086 ||| FLEEEEING.
 15087 | Lair:5   | 15087 ||| FLEEEEING.
 15088 | Lair:5   | 15088 ||| FLEEEEING.
 15089 | Lair:5   | 15089 ||| FLEEEEING.
 15090 | Lair:5   | 15090 ||| FLEEEEING.
 15091 | Lair:5   | 15091 ||| FLEEEEING.
 15092 | Lair:5   | 15092 ||| FLEEEEING.
 15093 | Lair:5   | 15093 ||| FLEEEEING.
 15094 | Lair:5   | 15094 ||| FLEEEEING.
 15095 | Lair:5   | 15095 ||| FLEEEEING.
 15096 | Lair:5   | 15096 ||| FLEEEEING.
 15097 | Lair:5   | 15097 ||| FLEEEEING.
 15098 | Lair:5   | 15098 ||| FLEEEEING.
 15099 | Lair:5   | 15099 ||| FLEEEEING.
 15100 | Lair:5   | 15100 ||| FLEEEEING.
 15101 | Lair:5   | 15101 ||| FLEEEEING.
 15262 | Lair:5   | 15262 ||| INVOKING Heroism.
 15263 | Lair:5   | 15263 ||| INVOKING Finesse.
 15284 | Lair:5   | Reached skill level 13 in Axes
 15354 | Lair:5   | 15354 ||| INVOKING Heroism.
 15528 | Lair:5   | 15528 ||| INVOKING Heroism.
 15616 | Lair:5   | 15616 ||| INVOKING Heroism.
 15689 | Lair:5   | 15689 ||| INVOKING Heroism.
 15770 | Lair:5   | 15770 ||| INVOKING Heroism.
 16075 | Lair:5   | 16075 ||| Stepping ~*~*~tactically~*~*~ (stealth).
 16078 | Lair:5   | 16078 ||| Stepping ~*~*~tactically~*~*~ (hiding).
 16080 | Lair:5   | 16080 ||| INVOKING Heroism.
 16090 | Lair:5   | Reached skill level 14 in Axes
 16211 | Lair:5   | 16211 ||| Stepping ~*~*~tactically~*~*~ (hiding).
 16215 | Lair:5   | Noticed a dire elephant
 16216 | Lair:5   | 16216 ||| INVOKING Heroism.
 16219 | Lair:5   | 16219 ||| INVOKING Finesse.
 16221 | Lair:5   | 16221 ||| Stepping ~*~*~tactically~*~*~ (hiding).
 16227 | Lair:5   | Killed a dire elephant
 16228 | Lair:5   | Gained mutation: Your large and strong wings let you fly.
                  | [Gargoyle growth]
 16228 | Lair:5   | Reached XP level 14. HP: 77/88 MP: 14/21
 16241 | Lair:5   | Received a gift from Okawaru
 16363 | Lair:5   | 16363 ||| Stepping ~*~*~tactically~*~*~ (hiding).
 16366 | Lair:5   | 16366 ||| INVOKING Heroism.
 16367 | Lair:5   | 16367 ||| SWAPPING to +3 flail of venom.
 16368 | Lair:5   | 16368 ||| INVOKING Finesse.
 16394 | Lair:5   | 16394 ||| INVOKING Heroism.
 16399 | Lair:5   | 16399 ||| SWAPPING to +2 broad axe of freezing.
 16765 | Lair:5   | Found a viscous altar of Jiyva.
 16767 | Lair:5   | 16767 ||| INVOKING Heroism.
 16768 | Lair:5   | 16768 ||| INVOKING Finesse.
 16769 | Lair:5   | Found a staircase to the Slime Pits.
 17065 | Lair:5   | 17065 ||| PLANNING D:1-11
 17065 | Lair:5   | 17065 ||| DROPPING ring of magical power.
 17235 | D:9      | 17235 ||| Stepping ~*~*~tactically~*~*~ (stealth).
 17237 | D:9      | 17237 ||| Stepping ~*~*~tactically~*~*~ (hiding).
 17242 | D:9      | 17242 ||| INVOKING Heroism.
 17332 | D:9      | 17332 ||| Stepping ~*~*~tactically~*~*~ (hiding).
 17469 | D:9      | 17469 ||| Stepping ~*~*~tactically~*~*~ (hiding).
 17473 | D:9      | 17473 ||| INVOKING Heroism.
 17517 | D:9      | Found a transporter.
 17823 | D:9      | Noticed qw's ghost (novice GrFi)
 17834 | D:9      | Found a transporter.
 17956 | D:9      | 17956 ||| READING scroll labelled UPIEROERYD.
 18060 | D:10     | Entered Level 10 of the Dungeon
 18171 | D:10     | 18171 ||| Stepping ~*~*~tactically~*~*~ (hiding).
 18174 | D:10     | 18174 ||| INVOKING Heroism.
 18213 | D:10     | Found Fapt's Distillery.
 18301 | D:10     | 18301 ||| Stepping ~*~*~tactically~*~*~ (stealth).
 18306 | D:10     | Received a gift from Okawaru
 18334 | D:10     | 18334 ||| SWAPPING to +5 broad axe.
 18335 | D:10     | 18335 ||| DROPPING +2 broad axe of freezing.
 18355 | D:10     | 18355 ||| Stepping ~*~*~tactically~*~*~ (hiding).
 18359 | D:10     | 18359 ||| INVOKING Heroism.
 18608 | D:10     | Found Naackenu's Weapon Shoppe.
 18749 | D:10     | Reached skill level 12 in Shields
 18898 | D:10     | 18898 ||| READING scroll labelled YVVIASCHIRO.
 18898 | D:10     | Identified a scroll of acquirement
 18898 | D:10     | 18898 ||| ACQUIRING +2 storm dragon scales "Xyibrubi"
                  | {Rampage rElec rPois Int-2 Dex+2}
 18898 | D:10     | Acquired the +2 storm dragon scales "Xyibrubi" {Rampage
                  | rElec rPois Int-2 Dex+2}
 18900 | D:10     | 18900 ||| UPGRADING to +2 storm dragon scales "Xyibrubi"
                  | {Rampage rElec rPois Int-2 Dex+2}.
 18910 | D:10     | 18910 ||| DROPPING +0 plate armour.
 18924 | D:10     | 18924 ||| Stepping ~*~*~tactically~*~*~ (hiding).
 19085 | D:11     | 19085 ||| Stepping ~*~*~tactically~*~*~ (hiding).
 19145 | D:11     | 19145 ||| Stepping ~*~*~tactically~*~*~ (hiding).
 19149 | D:11     | 19149 ||| Stepping ~*~*~tactically~*~*~ (hiding).
 19231 | D:11     | 19231 ||| INVOKING Heroism.
 19232 | D:11     | 19232 ||| INVOKING Finesse.
 19282 | D:11     | 19282 ||| INVOKING Heroism.
 19388 | D:11     | 19388 ||| READING scroll of brand weapon.
 19388 | D:11     | 19388 ||| BRANDING +5 broad axe.
 19411 | D:11     | 19411 ||| INVOKING Heroism.
 19457 | D:11     | 19457 ||| Stepping ~*~*~tactically~*~*~ (stealth).
 19570 | D:11     | 19570 ||| Stepping ~*~*~tactically~*~*~ (stealth).
 19572 | D:11     | 19572 ||| Stepping ~*~*~tactically~*~*~ (stealth).
 19576 | D:11     | 19576 ||| Stepping ~*~*~tactically~*~*~ (stealth).
 19709 | D:11     | 19709 ||| INVOKING Heroism.
 19858 | D:11     | 19858 ||| Stepping ~*~*~tactically~*~*~ (stealth).
 19859 | D:11     | 19859 ||| Stepping ~*~*~tactically~*~*~ (stealth).
 19861 | D:11     | 19861 ||| Stepping ~*~*~tactically~*~*~ (stealth).
 19863 | D:11     | 19863 ||| Stepping ~*~*~tactically~*~*~ (stealth).
 19973 | D:11     | 19973 ||| INVOKING Heroism.
 20079 | D:10     | 20079 ||| BUYING potion of curing (36 gold).
 20079 | D:10     | Bought a potion of curing for 36 gold pieces
 20079 | D:10     | 20079 ||| BUYING potion of haste (120 gold).
 20079 | D:10     | Bought a potion of haste for 120 gold pieces
 20079 | D:10     | 20079 ||| BUYING potion of haste (120 gold).
 20079 | D:10     | Bought a potion of haste for 120 gold pieces
 20079 | D:10     | 20079 ||| BUYING potion of magic (96 gold).
 20079 | D:10     | Bought a potion of magic for 96 gold pieces
 20079 | D:10     | 20079 ||| BUYING potion of might (48 gold).
 20079 | D:10     | Bought a potion of might for 48 gold pieces
 20079 | D:10     | 20079 ||| PLANNING D
 20114 | D:12     | Noticed Erolcha
 20115 | D:12     | 20115 ||| STAIRDANCE
 20123 | D:12     | 20123 ||| STAIRDANCE
 20182 | D:12     | 20182 ||| STAIRDANCE
 20184 | Abyss:2  | Cast into level 2 of the Abyss (Erolcha)
 20231 | Abyss:2  | 20231 ||| Stepping ~*~*~tactically~*~*~ (stealth).
 20362 | Abyss:2  | 20362 ||| Stepping ~*~*~tactically~*~*~ (hiding).
 20375 | Abyss:2  | 20375 ||| INVOKING Heroism.
 20383 | Abyss:2  | Noticed a tentacled starspawn
 20397 | Abyss:2  | 20397 ||| INVOKING Heroism.
 20403 | Abyss:2  | Killed a tentacled starspawn
 20403 | Abyss:2  | Received a gift from Okawaru
 20404 | Abyss:2  | Reached skill level 15 in Axes
 20451 | Abyss:2  | 20451 ||| Stepping ~*~*~tactically~*~*~ (stealth).
 20469 | Abyss:2  | 20469 ||| Stepping ~*~*~tactically~*~*~ (stealth).
 20484 | Abyss:2  | 20484 ||| INVOKING Heroism.
 20546 | Abyss:2  | 20546 ||| Stepping ~*~*~tactically~*~*~ (stealth).
 20548 | Abyss:2  | 20548 ||| Stepping ~*~*~tactically~*~*~ (stealth).
 20566 | Abyss:2  | 20566 ||| INVOKING Heroism.
 20644 | Abyss:2  | 20644 ||| Stepping ~*~*~tactically~*~*~ (stealth).
 20656 | Abyss:2  | 20656 ||| Stepping ~*~*~tactically~*~*~ (stealth).
 20660 | Abyss:2  | 20660 ||| Stepping ~*~*~tactically~*~*~ (hiding).
 20662 | Abyss:2  | 20662 ||| INVOKING Heroism.
 20668 | Abyss:2  | Received a gift from Okawaru
 20671 | Abyss:2  | 20671 ||| Stepping ~*~*~tactically~*~*~ (stealth).
 20735 | Abyss:2  | 20735 ||| INVOKING Heroism.
 20811 | Abyss:2  | 20811 ||| Stepping ~*~*~tactically~*~*~ (hiding).
 20818 | Abyss:2  | 20818 ||| INVOKING Heroism.
 20823 | Abyss:2  | Received a gift from Okawaru
 20845 | Abyss:2  | Noticed a tentacled starspawn
 20852 | Abyss:2  | Killed a tentacled starspawn
 20876 | Abyss:2  | Reached XP level 15. HP: 81/95 MP: 22/22
 20881 | D:11     | Escaped the Abyss
 20885 | D:11     | 20885 ||| INVOKING Heroism.
 20887 | D:11     | Killed Erolcha
 21035 | D:12     | 21035 ||| STAIRDANCE
 21038 | D:11     | 21038 ||| INVOKING Heroism.
 21040 | D:11     | Received a gift from Okawaru
 21056 | D:12     | Noticed Jorgrun
 21057 | D:12     | 21057 ||| STAIRDANCE
 21064 | D:12     | 21064 ||| INVOKING Finesse.
 21074 | D:12     | HP: 20/96 [Jorgrun/+0 vorpal quarterstaff (25)]
 21075 | D:12     | 21075 ||| READING 2 scrolls of teleportation.
 21076 | D:12     | 21076 ||| DRINKING 4 potions of heal wounds.
 21079 | D:12     | Killed Jorgrun
 21080 | D:12     | Reached skill level 12 in Fighting
 21428 | D:12     | 21428 ||| INVOKING Heroism.
 21444 | D:12     | 21444 ||| Stepping ~*~*~tactically~*~*~ (hiding).
 21463 | D:12     | 21463 ||| INVOKING Heroism.
 21480 | D:12     | Identified the +9 trident of Zonymy {flame, Drain rN+ Str+9
                  | Dex+4}
 21502 | D:12     | 21502 ||| Stepping ~*~*~tactically~*~*~ (stealth).
 21507 | D:12     | 21507 ||| Stepping ~*~*~tactically~*~*~ (stealth).
 21522 | D:12     | 21522 ||| DRINKING 11 potions of curing.
 21522 | D:12     | 21522 ||| (to cure confusion)
 21526 | D:12     | Identified the +6 scimitar "Kiph" {drain, rF+ rC+}
 21563 | D:12     | 21563 ||| Stepping ~*~*~tactically~*~*~ (stealth).
 21564 | D:12     | 21564 ||| Stepping ~*~*~tactically~*~*~ (stealth).
 21570 | D:12     | 21570 ||| Stepping ~*~*~tactically~*~*~ (stealth).
 21571 | D:12     | 21571 ||| Stepping ~*~*~tactically~*~*~ (stealth).
 21573 | D:12     | 21573 ||| Stepping ~*~*~tactically~*~*~ (stealth).
 21574 | D:12     | 21574 ||| Stepping ~*~*~tactically~*~*~ (stealth).
 21600 | D:12     | 21600 ||| Stepping ~*~*~tactically~*~*~ (stealth).
 21601 | D:12     | 21601 ||| INVOKING Heroism.
 21628 | D:12     | 21628 ||| Stepping ~*~*~tactically~*~*~ (stealth).
 21629 | D:12     | 21629 ||| Stepping ~*~*~tactically~*~*~ (stealth).
 21635 | D:12     | 21635 ||| INVOKING Heroism.
 21639 | D:12     | 21639 ||| Stepping ~*~*~tactically~*~*~ (stealth).
 21646 | D:12     | Received a gift from Okawaru
 21976 | D:12     | 21976 ||| Stepping ~*~*~tactically~*~*~ (stealth).
 21993 | D:12     | 21993 ||| Stepping ~*~*~tactically~*~*~ (stealth).
 21995 | D:12     | 21995 ||| Stepping ~*~*~tactically~*~*~ (stealth).
 21997 | D:12     | 21997 ||| Stepping ~*~*~tactically~*~*~ (stealth).
 22000 | D:12     | 22000 ||| Stepping ~*~*~tactically~*~*~ (stealth).
 22010 | D:12     | 22010 ||| Stepping ~*~*~tactically~*~*~ (stealth).
 22011 | D:12     | 22011 ||| Stepping ~*~*~tactically~*~*~ (stealth).
 22017 | D:12     | 22017 ||| Stepping ~*~*~tactically~*~*~ (stealth).
 22019 | D:12     | 22019 ||| Stepping ~*~*~tactically~*~*~ (stealth).
 22023 | D:12     | 22023 ||| Stepping ~*~*~tactically~*~*~ (stealth).
 22025 | D:12     | 22025 ||| INVOKING Heroism.
 22128 | D:12     | 22128 ||| FLEEEEING.
 22173 | D:12     | 22173 ||| FLEEEEING.
 22240 | D:12     | 22240 ||| Stepping ~*~*~tactically~*~*~ (stealth).
 22249 | D:12     | Found a staircase to the Orcish Mines.
 22254 | D:12     | 22254 ||| INVOKING Heroism.
 22393 | D:12     | 22393 ||| INVOKING Heroism.
 22891 | D:12     | 22891 ||| UPGRADING to +1 helmet.
 22896 | D:12     | 22896 ||| UPGRADING to +0 cloak.
 22901 | D:12     | 22901 ||| UPGRADING to ring of see invisible.
 22903 | D:12     | 22903 ||| UPGRADING to ring of protection from fire.
 22944 | D:13     | 22944 ||| Stepping ~*~*~tactically~*~*~ (stealth).
 22944 | D:13     | Noticed Azrael
 22945 | D:13     | 22945 ||| Stepping ~*~*~tactically~*~*~ (hiding).
 22951 | D:13     | 22951 ||| INVOKING Heroism.
 22952 | D:13     | 22952 ||| INVOKING Finesse.
 22960 | D:13     | Killed Azrael
 23045 | D:13     | 23045 ||| INVOKING Heroism.
 23052 | D:13     | Received a gift from Okawaru
 23055 | D:13     | Found a gate to the Vaults.
 23061 | D:13     | 23061 ||| Stepping ~*~*~tactically~*~*~ (hiding).
 23070 | D:13     | HP: 17/96 [mirror damage (12)]
 23071 | D:13     | 23071 ||| READING 3 scrolls of teleportation.
 23072 | D:13     | 23072 ||| DRINKING 3 potions of heal wounds.
 23078 | D:13     | 23078 ||| FLEEEEING.
 23079 | D:13     | 23079 ||| FLEEEEING.
 23080 | D:13     | 23080 ||| FLEEEEING.
 23081 | D:13     | 23081 ||| FLEEEEING.
 23082 | D:13     | 23082 ||| FLEEEEING.
 23083 | D:13     | 23083 ||| FLEEEEING.
 23084 | D:13     | 23084 ||| FLEEEEING.
 23085 | D:13     | 23085 ||| FLEEEEING.
 23086 | D:13     | 23086 ||| FLEEEEING.
 23087 | D:13     | 23087 ||| FLEEEEING.
 23088 | D:13     | 23088 ||| FLEEEEING.
 23089 | D:13     | 23089 ||| FLEEEEING.
 23090 | D:13     | 23090 ||| FLEEEEING.
 23091 | D:13     | 23091 ||| FLEEEEING.
 23128 | D:13     | 23128 ||| INVOKING Heroism.
 23133 | D:13     | HP: 3/96 [boulder beetle (34)]
 23134 | D:13     | 23134 ||| READING 2 scrolls of teleportation.
 23135 | D:13     | 23135 ||| DRINKING 2 potions of heal wounds.
 23423 | D:13     | 23423 ||| Stepping ~*~*~tactically~*~*~ (stealth).
 23426 | D:13     | 23426 ||| INVOKING Heroism.
 23432 | D:13     | HP: 21/96 [mirror damage (6)]
 23433 | D:13     | 23433 ||| READING scroll of teleportation.
 23434 | D:13     | 23434 ||| DRINKING potion of heal wounds.
 23436 | D:13     | HP: 9/96 [freezing wraith[a death knight] (2)]
 23531 | D:13     | 23531 ||| FLEEEEING.
 23532 | D:13     | 23532 ||| FLEEEEING.
 23533 | D:13     | 23533 ||| FLEEEEING.
 23534 | D:13     | 23534 ||| FLEEEEING.
 23535 | D:13     | 23535 ||| FLEEEEING.
 23536 | D:13     | 23536 ||| FLEEEEING.
 23537 | D:13     | 23537 ||| FLEEEEING.
 23538 | D:13     | 23538 ||| FLEEEEING.
 23539 | D:13     | 23539 ||| FLEEEEING.
 23540 | D:13     | 23540 ||| FLEEEEING.
 23541 | D:13     | 23541 ||| FLEEEEING.
 23542 | D:13     | 23542 ||| FLEEEEING.
 23543 | D:13     | 23543 ||| STAIRDANCE
 23765 | D:12     | 23765 ||| READING scroll labelled JOEH QEPHOZULO.
 23768 | D:13     | 23768 ||| INVOKING Heroism.
 23871 | D:13     | 23871 ||| Stepping ~*~*~tactically~*~*~ (stealth).
 24094 | D:13     | Identified the +9 great mace of Soft True Grit {vorpal,
                  | +Blink Dex+4}
 24095 | D:13     | 24095 ||| Stepping ~*~*~tactically~*~*~ (hiding).
 24097 | D:13     | 24097 ||| Stepping ~*~*~tactically~*~*~ (hiding).
 24101 | D:13     | 24101 ||| INVOKING Heroism.
 24105 | D:13     | Reached skill level 16 in Axes
 24608 | D:13     | 24608 ||| DROPPING +6 ring of intelligence.
 24826 | D:14     | 24826 ||| Stepping ~*~*~tactically~*~*~ (stealth).
 24966 | D:14     | 24966 ||| INVOKING Heroism.
 25020 | D:14     | Found Laicwaun's Jewellery Shop.
 25022 | D:14     | Found Omazaeweuq's Jewellery Shop.
 25026 | D:14     | 25026 ||| BUYING +6 ring of strength (504 gold).
 25026 | D:14     | Bought a +6 ring of strength for 504 gold pieces
 25026 | D:14     | 25026 ||| SHOPLISTING ring of fire (350 gold, have 197).
 25026 | D:14     | 25026 ||| SHOPLISTING ring of ice (350 gold, have 197).
 25034 | D:14     | 25034 ||| SHOPLISTING +4 ring of protection (540 gold, have
                  | 197).
 25034 | D:14     | 25034 ||| SHOPLISTING ring of fire (375 gold, have 197).
 25034 | D:14     | 25034 ||| SHOPLISTING ring of ice (375 gold, have 197).
 25034 | D:14     | 25034 ||| SHOPLISTING ring of resist corrosion (300 gold,
                  | have 197).
 25042 | D:14     | 25042 ||| READING scroll of enchant weapon.
 25042 | D:14     | 25042 ||| ENCHANTING +5 vorpal broad axe.
 25052 | D:14     | 25052 ||| INVOKING Heroism.
 25187 | D:14     | 25187 ||| INVOKING Heroism.
 25334 | D:14     | Found a shimmering altar of Xom.
 25352 | D:14     | 25352 ||| Stepping ~*~*~tactically~*~*~ (stealth).
 25353 | D:14     | Noticed Agnes
 25354 | D:14     | 25354 ||| INVOKING Heroism.
 25374 | D:14     | Killed Agnes
 25941 | D:14     | 25941 ||| DROPPING amulet of guardian spirit.
 25942 | D:14     | 25942 ||| UPGRADING to +6 ring of strength.
 25982 | D:15     | Entered Level 15 of the Dungeon
 25983 | D:15     | 25983 ||| STAIRDANCE
 26006 | D:15     | 26006 ||| INVOKING Heroism.
 26008 | D:15     | Noticed Josephine
 26021 | D:15     | Killed Josephine
 26024 | D:15     | Reached XP level 16. HP: 44/101 MP: 23/23
 26027 | D:15     | 26027 ||| FLEEEEING.
 26028 | D:15     | 26028 ||| FLEEEEING.
 26029 | D:15     | 26029 ||| STAIRDANCE
 26242 | D:15     | 26242 ||| INVOKING Heroism.
 26249 | D:15     | HP: 20/101 [green ugly thing collision (16)]
 26251 | D:15     | HP: 4/101 [green ugly thing collision (16)]
 26252 | D:15     | Reached skill level 12 in Armour
 26252 | D:15     | HP: 1/101 [merfolk aquamancer/+0 rapier (4)]
 26262 | D:15     | Killed from afar by a merfolk aquamancer

Levels and vault maps discovered:
D:1:      eino_arrival_druids_welcome, layout_loops_ring, basic_ecumenical_altar
D:2:      layout_basic, basic_altar, serial_shops,
          nicolae_shop_bloodbath_and_beyond
D:3:      layout_basic, serial_park_tiny_pond, minmay_misc_feat_diagonals,
          kennysheep_generic_room_8
D:4:      layout_loops_cross, kennysheep_mini_moat, minmay_temple_entry_hall,
          serial_shops, nicolae_lakefront_shop
D:5:      layout_loops_ring, mainiacjoe_overflow_alcove_1,
          nicolae_overflow_hidden_temple, minmay_shop_grid_forest,
          uniq_blork_the_orc
D:6:      layout_loops_corners, biasface_ghost_orc_armoury
D:7:      layout_basic, lemuel_round_altar, enter_ossuary_2, uniq_menkaure
D:8:      layout_gridville, general_overflow_altar,
          nicolae_overflow_quartered_altars, erik_lair_island,
          due_unseen_surprise, uniq_erica, uniq_maggie
D:9:      layout_basic, gammafunk_ghost_stat_death, kennysheep_cross_room
D:10:     layout_loops_ring, serial_shops, nicolae_take_the_stairs,
          nicolae_square_shop
D:11:     layout_irregular_city
D:12:     minmay_the_grid_octo_tiled_squarecenter_mashed
          [minmay_the_grid_octo_pinwheel, minmay_the_grid_octo_fat_diamond,
          minmay_the_grid_octo_clover_2, minmay_the_grid_octo_vomiting_pacman,
          minmay_the_grid_square_5x5_megaprize_crossed,
          minmay_the_grid_square_5x5_bridge, minmay_the_grid_square_5x5_z,
          minmay_the_grid_square_5x5_corner,
          minmay_the_grid_square_5x5_checkered_sparse], layout_basic,
          zombieorc2_lemuel, uniq_jorgrun, uniq_erolcha
D:13:     layout_cave_pods, erik_vaults_1, uniq_azrael
D:14:     layout_stronghold, serial_shops, nicolae_diamond_shop,
          nicolae_shop_waterfront, roderic_serpentine_path, led_xom_imps,
          uniq_agnes
D:15:     grunt_enter_depths_snipers, layout_small_grid, serial_bayou,
          serial_bayou_crossing, serial_bayou_lagoon_a, serial_bayou_lake_a,
          serial_bayou_pond_c, roderic_nine_men_s_morris, nicolae_splish_splash,
          uniq_josephine
Temple:   hellmonk_temple_forest_ring
Lair:1:   layout_chaotic_city
Lair:2:   layout_gridlike, minmay_snake_entry_guardpost_small, minivault_26
Lair:3:   layout_loops_ring, minmay_shoals_entry_centaurs,
          grunt_forest_small_clearing_treed, uniq_rupert
Lair:4:   dreamdust_labyrinth, layout_gridlike, lemuel_fruit_tree,
          infiniplex_staircase_pool, lemuel_fruit_fields
Lair:5:   hangedman_lair_in_review, layout_cave_shapes,
          minmay_slime_entry_oklob_enclosed

Skill      XL: |  1  2  3  4  5  6  7  8  9 10 11 12 13 14 15 16 |
---------------+-------------------------------------------------+-----
Axes           | 2 3 4 5 6 7 8 9 10 11 12 14 15 16 | 16.0
Throwing       | 1 2 3 4 5 |  5.1
Fighting       | 4 6 7 8 9 10 11 12 | 12.2
Dodging        | 1 2 3 4 5 |  5.0
Invocations    | 2 4 8 10 | 10.0
Armour         | 4 5 8 9 10 11 12 | 12.0
Shields        | 5 9 10 11 12 13 | 13.1

Action                   |  1- 3 |  4- 6 |  7- 9 | 10-12 | 13-15 | 16-18 || total
-------------------------+-------+-------+-------+-------+-------+-------++-------
Melee: War axe           |   126 |   102 |   334 |   247 |       |       ||   809
       Flail             |       |       |       |    11 |    43 |       ||    54
       Broad axe         |       |       |       |   142 |   988 |    19 ||  1149
Throw: Javelin           |    15 |    15 |    21 |    46 |   100 |       ||   197
       Boomerang         |       |       |       |    22 |    83 |       ||   105
Invok: Heroism           |       |       |    15 |    31 |    55 |     1 ||   102
       Finesse           |       |       |       |     3 |    11 |       ||    14
  Use: Scroll            |     6 |     9 |     5 |     8 |    10 |       ||    38
       Potion            |     1 |     1 |     1 |     5 |     5 |       ||    13
 Stab: Distracted        |       |       |       |     2 |     1 |       ||     3
       Petrified         |       |       |       |       |     4 |       ||     4
       Petrifying        |       |       |       |       |     3 |       ||     3
Armor: Scale mail        |    46 |       |       |       |       |       ||    46
       Chain mail        |    16 |    66 |   207 |   120 |       |       ||   409
       Plate armour      |       |       |       |    17 |   173 |       ||   190
       Storm dragon scal |       |       |       |       |   234 |     5 ||   239
Dodge: Dodged            |    67 |    39 |   123 |    89 |   211 |     1 ||   530
Block: Buckler           |    31 |    17 |    63 |       |       |       ||   111
       Kite shield       |       |       |    22 |   187 |   769 |    10 ||   988
       Reflection        |       |       |       |     6 |    43 |     1 ||    50

Table legend:
 A = Non-vault XP
 B = Vault XP
 C = Vault XP percentage of total XP
 D = Non-vault monster count
 E = Vault monster count
 F = Vault count percentage of total count
                 A         B        C        D         E       F
            +---------+---------+-------+---------+---------+-------
      Total |   92886 |   37940 |  29.0 |     483 |     145 |  23.1
            +---------+---------+-------+---------+---------+-------
        D:1 |      29 |       0 |   0.0 |      20 |       0 |   0.0
        D:2 |      23 |       0 |   0.0 |       7 |       0 |   0.0
        D:3 |      62 |       3 |   4.6 |      21 |       1 |   4.5
        D:4 |     405 |       0 |   0.0 |      25 |       0 |   0.0
        D:5 |     943 |      99 |   9.5 |      30 |       1 |   3.2
        D:6 |     955 |       0 |   0.0 |      13 |       0 |   0.0
        D:7 |    1425 |     172 |  10.8 |      29 |       1 |   3.3
        D:8 |     773 |    1879 |  70.9 |      12 |       9 |  42.9
        D:9 |    2761 |       0 |   0.0 |      24 |       0 |   0.0
       D:10 |    2828 |       0 |   0.0 |      26 |       0 |   0.0
       D:11 |   10984 |     871 |   7.3 |      41 |       1 |   2.4
       D:12 |    1701 |   15283 |  90.0 |      11 |      67 |  85.9
       D:13 |    7841 |    3306 |  29.7 |      17 |       7 |  29.2
       D:14 |    6709 |    1634 |  19.6 |      24 |       5 |  17.2
       D:15 |    3221 |    2824 |  46.7 |       5 |       7 |  58.3
     Lair:1 |    7524 |       0 |   0.0 |      32 |       0 |   0.0
     Lair:2 |    8766 |     317 |   3.5 |      41 |       2 |   4.7
     Lair:3 |    3831 |    2036 |  34.7 |      13 |       3 |  18.8
     Lair:4 |    8534 |       0 |   0.0 |      36 |       0 |   0.0
     Lair:5 |   13554 |    9298 |  40.7 |      30 |      20 |  40.0
    Abyss:2 |   10017 |       0 |   0.0 |      26 |       0 |   0.0
    Ossuary |       0 |     218 | 100.0 |       0 |      21 | 100.0
            +---------+---------+-------+---------+---------+-------
